 Dungeon Crawl Stone Soup version 0.30-a0-949-g53dc5368d7 (webtiles) character file.

Game seed: 9034746363899481926

39109 Jackthecabe the Warrior (level 14, 0/86 HPs)
             Began as a Vine Stalker Ice Elementalist on Mar 28, 2023.
             Was a High Priest of Wu Jian.
             Slain by a skyshark (4 damage)
             ... on level 5 of the Lair of Beasts.
             The game lasted 00:48:34 (15314 turns).

Jackthecabe the Warrior (VSIE)                     Turns: 15314, Time: 00:48:36

Health: 0/86       AC: 10    Str: 10    XL:     14   Next: 5%
Magic:  0/19       EV: 17    Int: 17    God:    Wu Jian [*****.]
Gold:   1235       SH:  0    Dex: 27    Spells: 8/19 levels left

rFire   + . .      SeeInvis .    j - +4 dagger
rCold   + . .      Faith    +    p - orb {light}
rNeg    + . .      Spirit   +    r - +0 troll leather armour
rPois   .          Reflect  .    u - -1 helmet of Kleptomania {rElec rN+ Dex+2}
rElec   +          Rampage  .    T - scarf {rC+ rF+}
rCorr   .                        C - +1 pair of gloves
Will    +....                    v - +2 pair of boots
Stlth   ++                       V - amulet of faith {!P}
HPRegen 1.94/turn                Y - +4 ring of slaying
MPRegen 0.16/turn                D - +6 ring of dexterity

@: about to teleport, freezing walls, glowing
A: fangs 3, regeneration 1, magic shield, antimagic bite, no potion heal 2
a: Renounce Religion, Wall Jump, Serpent's Lash, Heavenly Storm


You were on level 5 of the Lair of Beasts.
You worshipped Wu Jian.
Wu Jian was extremely pleased with you.
You visited 3 branches of the dungeon, and saw 18 of its levels.
You also visited: Sewer and Ossuary.

You collected 1235 gold pieces.


Innate Abilities, Weirdness & Mutations

You have razor-sharp teeth.
Your natural rate of healing is unusually fast.
When hurt, damage is shared between your health and your magic reserves.
Your bite disrupts and absorbs the magic of your enemies.
Potions cannot restore your health.


   Skills:
 - Level 15.0 Fighting
 - Level 10.0 Short Blades
 + Level 5.3 Armour
 - Level 6.0 Dodging
 - Level 8.0 Stealth
 - Level 3.0 Spellcasting
 + Level 2.8 Hexes
 + Level 3.6 Transmutations
 - Level 6.0 Ice Magic
 - Level 4.0 Evocations


You had 8 spell levels left.
You knew the following spells:

 Your Spells              Type           Power      Damage    Failure   Level
f - Freeze                Ice            88%        1d9       1%          1
r - Frozen Ramparts       Ice            44%        1d7       6%          3
w - Wereblood             Tmut           14%        N/A       8%          2
X - Yara's Violent Unrav  Hex/Tmut       6%         3d5       86%         5

Your spell library contained the following spells:

 Spells                   Type           Power      Damage    Failure   Level
 Ozocubu's Armour         Ice            22%        N/A       6%          3
 Magic Dart               Conj           8%         1d3       22%         1
 Necrotise                Necr           8%         1d4       22%         1
 Searing Ray              Conj           4%         2d4       34%         2
 Sublimation of Blood     Necr           2%         N/A       34%         2
 Summon Ice Beast         Ice/Summ       12%        N/A       54%         4
 Vampiric Draining        Necr           2%         2d6       56%         3
 Fulminant Prism          Conj/Hex       3%         3d5       77%         4
 Animate Dead             Necr           2%         N/A       92%         4
 Agony                    Necr           2%         N/A       99%         5
 Borgnjor's Vile Clutch   Necr/Erth      1%         N/A       99%         5
 Death Channel            Necr           1%         N/A       100%        6
 Enfeeble                 Hex            6%         N/A       100%        7
 Summon Hydra             Summ           1%         N/A       100%        7

Inventory:

Hand Weapons
 j - a +4 dagger (weapon)
 y - the +8 shortbow "Baphum" {flame, Will+ Stlth+}
   (You found it on level 4 of the Lair of Beasts)

   Will:      It increases your willpower.
   Stlth:     It makes you more stealthy.
Armour
 k - a +2 helmet
 p - an orb of light (worn)
 r - a +0 troll leather armour (worn)
 u - the -1 helmet of Kleptomania (worn) {rElec rN+ Dex+2}
   (You found it on level 3 of the Dungeon)

   Dex:       It affects your dexterity (+2).
   rElec:     It insulates you from electricity.
   rN:        It protects you from negative energy.
 v - a +2 pair of boots (worn)
 C - a +1 pair of gloves (worn)
 J - a +1 hat of see invisible
 O - a +2 robe of positive energy
 T - a scarf of resistance (worn)
Magical Staves
 K - the staff of death "Tacvoad" {rElec rN+ Str+3 Dex-2 Stlth+, !a}
   (You found it on level 5 of the Dungeon)

   [staff of death]

   Base accuracy: +5 Base damage: 5 Base attack delay: 1.2 This weapon's minimum
   attack delay (0.6) is reached at skill level 12.
   Str:       It affects your strength (+3).
   Dex:       It affects your dexterity (-2).
   rElec:     It insulates you from electricity.
   rN:        It protects you from negative energy.
   Stlth:     It makes you more stealthy.
   It falls into the 'Staves' category.
   It is a one-handed weapon.
Jewellery
 d - an amulet of regeneration
 D - a +6 ring of dexterity (right hand)
 I - a +6 ring of intelligence
 V - an amulet of faith (around neck) {!P}
 Y - a +4 ring of slaying (left hand)
Wands
 a - a wand of paralysis (14)
 f - a wand of iceblast (3)
 G - a wand of mindburst (8)
 N - a wand of quicksilver (17)
 S - a wand of flame (46)
 U - a wand of polymorph (7)
Scrolls
 g - 4 scrolls of vulnerability
 i - 4 scrolls of fear
 l - 2 scrolls of enchant weapon
 n - 2 scrolls of immolation {unknown}
 s - 3 scrolls of fog {unknown}
 t - 4 scrolls of poison {unknown}
 w - 5 scrolls of enchant armour
 x - 8 scrolls of teleportation {@r2}
 z - 4 scrolls of magic mapping
 B - 2 scrolls of butterflies {unknown}
 E - 4 scrolls of blinking {unknown}
 Q - 5 scrolls of amnesia
 W - a scroll of brand weapon
 Z - 2 scrolls of silence {unknown}
Potions
 b - 3 potions of magic
 c - 8 potions of curing {@q1}
 e - 8 potions of flight
 h - 4 potions of attraction {unknown}
 m - 6 potions of might {unknown}
 o - 2 potions of invisibility {unknown}
 q - 5 potions of heal wounds {@q2}
 A - 2 potions of brilliance
 F - 4 potions of haste {@q3}
 H - 6 potions of ambrosia
 L - 2 potions of cancellation
 M - 2 potions of resistance
 P - a potion of lignification {unknown}
 R - a potion of mutation {unknown}
 X - a potion of berserk rage {unknown}

Dungeon Overview and Level Annotations

Branches:
Dungeon (12/15)            Temple (1/1) D:7            Lair (5/5) D:8
 Shoals (0/4) Lair:2        Snake (0/4) Lair:2        Slime (0/5) Lair:4
  Sewer (visited)         Ossuary (visited)
    Orc: D:9-12

Altars:
Ashenzari
Cheibriados
Dithmenos
Elyvilon
Fedhas
Gozag
Hepliaklqana
Kikubaaqudgha
Makhleb
Nemelex Xobeh
Okawaru
Qazlal
Ru
Sif Muna
Trog
Uskayaw
Vehumet
Wu Jian
Xom
Yredelemnul
Zin
The Shining One
Jiyva

Shops:
D:1 *   D:5 =

Annotations:
Lair:4 2 runed translucent doors, exclusion: 3 oklob plants, Zinwir's ghost, journeyman KoHu

#.#### ### #.##P## #.#
##### #.....# ##
..###...###....## ##..##
...#...P.#.#..## ##.#...#.
###..#..P.#.#..####..P..P..
##.)..#.........##P........
###....##......##.P.......#
........#...##..@l........#
..............#........P..#
[............##............
.........#...PP............
..........#..............#.
.....#................#....
.....P ..................
.....P .......P........
......


You could see a skyshark (berserk).


Message History

Unknown command.
You hit the skyshark but do no damage. You bite the skyshark.
You drain its power.
You feel invigorated.
The skyshark is moderately wounded.
Unknown command.
You hit the skyshark.
The skyshark is moderately wounded.
The wall freezes the skyshark.
The skyshark barely misses you. The skyshark tail-slaps you!
* * * LOW HITPOINT WARNING * * *
The skyshark tail-slaps you.
* * * LOW HITPOINT WARNING * * *
You hit the skyshark.
The skyshark is moderately wounded.
The wall freezes the skyshark.
The skyshark bites you!!
* * * LOW HITPOINT WARNING * * *
The skyshark completely misses you. x2
Unknown command.
Okay, then.
Aiming: Mindburst
Press: ? - help, Shift-Dir - straight line, f - skyshark
Aim: a skyshark (moderately wounded, berserk, haloed, chance to affect: 64%)
Okay, then.
As you read the scroll of teleportation {@r2}, it crumbles to dust.
You feel strangely unstable.
The wall freezes the skyshark but does no damage.
The skyshark bites you!
* * * LOW HITPOINT WARNING * * *
The skyshark barely misses you. The skyshark tail-slaps you.
You die...

Skill      XL: |  1  2  3  4  5  6  7  8  9 10 11 12 13 |
---------------+----------------------------------------+-----
Spellcasting   | 3 |  3.0
Ice Magic      | 5 6 |  6.0
Fighting       | 2 4 5 8 11 13 15 | 15.0
Dodging        | 2 4 6 |  6.0
Evocations     | 2 4 |  4.0
Armour         | 4 5 |  5.3
Short Blades   | 2 9 10 | 10.0
Transmutations | 2 3 |  3.6
Stealth        | 8 |  8.0
Hexes          | 2 |  2.8

Action                     |  1- 3 |  4- 6 |  7- 9 | 10-12 | 13-15 || total
---------------------------+-------+-------+-------+-------+-------++-------
  Melee: Unarmed           |     8 |       |       |       |       ||     8
         Bite              |     1 |    35 |   137 |   273 |   231 ||   677
         Dagger            |     4 |   138 |   295 |   519 |   387 ||  1343
   Cast: Freeze            |    46 |    54 |    41 |    49 |     1 ||   191
         Frozen Ramparts   |       |     3 |    14 |    28 |    17 ||    62
         Wereblood         |       |       |     4 |     8 |     6 ||    18
 Invoke: Serpent's Lash    |       |       |       |       |     1 ||     1
Ability: Lunge             |       |       |       |    19 |    19 ||    38
         Whirlwind         |       |       |       |     5 |    10 ||    15
         Wall Jump         |       |       |       |       |     1 ||     1
  Evoke: Wand              |       |       |       |     7 |    13 ||    20
    Use: Scroll            |       |       |    11 |     2 |     5 ||    18
         Potion            |       |       |     1 |       |     1 ||     2
   Stab: Distracted        |       |     1 |       |     1 |       ||     2
         Sleeping          |       |       |     1 |       |     3 ||     4
         Paralysed         |       |       |       |     1 |     1 ||     2
 Armour: Robe              |     7 |    57 |   110 |   118 |       ||   292
         Troll leather arm |       |       |       |    45 |    97 ||   142
  Dodge: Dodged            |    39 |   153 |   292 |   476 |   223 ||  1183

Levels and vault maps discovered:
D:1:      dpeg_arrival_shelter, layout_basic, serial_shops, shop, st_stairs_7,
          nrook_mini_backslash, minmay_split_cup_small
D:2:      layout_loops_ring, uniq_jessica, uniq_robin
D:3:      layout_rooms, portal_sewer_entry_d
D:4:      layout_rooms, minmay_three_crescents
D:5:      layout_rooms, nicolae_overflow_two_pavilions, roderic_serpentine_path,
          minmay_shop_enchanted_jewellery, minmay_checkerbox, uniq_duvessa
D:6:      layout_rooms, nicolae_ossuary_entry_plus, uniq_edmund,
          uniq_blork_the_orc
D:7:      layout_basic, minmay_temple_entry_large_hall, uniq_maggie
D:8:      layout_loops_ring, grunt_temple_overflow_open,
          due_lair_maze_entry_diamond
D:9:      layout_rooms, kennysheep_small_spiral, minivault_7
D:10:     layout_cross, kennysheep_minor_cross
D:11:     layout_basic
D:12:     layout_roguey, erik_orc_4, minmay_three_doors
Temple:   hellmonk_temple_forest_ring
Lair:1:   layout_cave_pods, grunt_megastairs_2, serial_bayou_shore_a,
          lemuel_fruit_tree, uniq_gastronok
Lair:2:   layout_regular_city, nicolae_shoals_entry_roost,
          nicolae_snake_entry_warm_welcome, basic_altar, serial_bayou_lagoon_b,
          grunt_megastairs_5, serial_bayou_shore_b
Lair:3:   layout_gridlike, chequers_serial_rivers_large_b
Lair:4:   layout_regular_city, slime_entry_1, ebering_ghost_disaster_area,
          dpeg_oklob_1, infiniplex_staircase_pool_2
Lair:5:   hellmonk_lair_end_abyssal_woods, layout_cave_shapes,
          chequers_serial_rivers_small_a, infiniplex_staircase_pool, uniq_urug

Notes
Turn   | Place    | Note
-------+----------+-------------------------------------------
     0 | D:1      | Jackthecabe the Vine Stalker Ice Elementalist began the
                  | quest for the Orb.
     0 | D:1      | Reached XP level 1. HP: 9/9 MP: 4/4
   122 | D:1      | Reached XP level 2. HP: 13/13 MP: 2/6
   258 | D:1      | Found Idiaseklua's Assorted Antiques.
   806 | D:1      | Reached XP level 3. HP: 12/16 MP: 5/8
   977 | D:1      | Reached skill level 3 in Spellcasting
  1142 | D:2      | Noticed Robin
  1332 | D:2      | Killed Robin
  1410 | D:2      | Noticed Jessica
  1414 | D:2      | Killed Jessica
  1415 | D:2      | Reached skill level 5 in Ice Magic
  1415 | D:2      | Gained mutation: Your natural rate of healing is unusually
                  | fast. [Vine Stalker growth]
  1415 | D:2      | Reached XP level 4. HP: 17/21 MP: 6/9
  1698 | D:2      | Learned a level 3 spell: Frozen Ramparts
  2083 | D:3      | Reached skill level 6 in Ice Magic
  2083 | D:3      | Reached XP level 5. HP: 23/24 MP: 10/10
  2245 | D:3      | Identified the -1 helmet of Kleptomania {rElec rN+ Dex+2}
  2441 | D:3      | Found a glowing drain.
  2444 | D:3      | Reached skill level 1 in Fighting
  2452 | Sewer    | Entered a sewer
  2717 | Sewer    | HP: 1/26 [river rat (6)]
  2718 | Sewer    | Reached skill level 2 in Fighting
  2719 | Sewer    | Reached XP level 6. HP: 2/32 MP: 0/11
  3210 | Sewer    | Reached skill level 3 in Fighting
  4090 | D:4      | Reached skill level 4 in Fighting
  4184 | D:4      | Reached skill level 2 in Dodging
  4190 | D:4      | Reached XP level 7. HP: 37/37 MP: 10/12
  4202 | D:4      | Reached skill level 3 in Dodging
  4309 | D:5      | Entered Level 5 of the Dungeon
  4578 | D:5      | Found a hazy altar of Hepliaklqana.
  4578 | D:5      | Found a blossoming altar of Fedhas.
  4604 | D:5      | Found Qomiph's Jewellery Shop.
  4624 | D:5      | Reached skill level 4 in Dodging
  4627 | D:5      | Learned a level 2 spell: Wereblood
  4667 | D:5      | Noticed Duvessa
  4671 | D:5      | Noticed Dowan
  4677 | D:5      | Killed Duvessa
  4678 | D:5      | Reached skill level 5 in Fighting
  4678 | D:5      | Gained mutation: You have razor-sharp teeth. [Vine Stalker
                  | growth]
  4678 | D:5      | Reached XP level 8. HP: 43/43 MP: 13/13
  4694 | D:5      | Killed Dowan
  4846 | D:5      | Reached skill level 6 in Fighting
  4896 | D:5      | Identified the staff of death "Tacvoad" {rElec rN+ Str+3
                  | Dex-2 Stlth+}
  5006 | D:6      | Noticed Blork the orc
  5016 | D:6      | Killed Blork the orc
  5020 | D:6      | Found a sand-covered staircase.
  5026 | Ossuary  | Entered an ossuary
  5096 | Ossuary  | Reached skill level 7 in Fighting
  5330 | D:6      | Reached skill level 8 in Fighting
  5330 | D:6      | Reached XP level 9. HP: 51/51 MP: 8/14
  5747 | D:6      | Reached skill level 9 in Fighting
  5975 | D:6      | Noticed Edmund
  5983 | D:6      | Killed Edmund
  6008 | D:6      | Identified 2 potions of resistance
  6245 | D:7      | Reached skill level 10 in Fighting
  6413 | D:7      | Found a staircase to the Ecumenical Temple.
  6426 | Temple   | Entered the Ecumenical Temple
  6573 | Temple   | Became a worshipper of the Wu Jian Council
  6610 | D:7      | Noticed Maggie
  6812 | D:7      | Killed Maggie
  6813 | D:7      | Reached skill level 11 in Fighting
  6813 | D:7      | Reached XP level 10. HP: 39/60 MP: 7/15
  7081 | D:8      | Paralysed by a hornet for 2 turns
  7143 | D:8      | Found a staircase to the Lair.
  7189 | D:8      | Reached skill level 12 in Fighting
  7218 | D:8      | Noticed an unseen horror
  7227 | D:8      | Killed an unseen horror
  7391 | D:8      | Reached * piety under Wu Jian
  7473 | D:8      | You fall into a shaft and drop 2 floors!
  7473 | D:10     | Entered Level 10 of the Dungeon
  7487 | D:10     | Noticed a two-headed ogre
  7497 | D:10     | Killed a two-headed ogre
  7635 | D:8      | Reached skill level 13 in Fighting
  7852 | D:8      | Found an iron altar of Okawaru.
  7853 | D:8      | Found an ancient bone altar of Kikubaaqudgha.
  7855 | D:8      | Found a shimmering blue altar of Sif Muna.
  7856 | D:8      | Found a white marble altar of Elyvilon.
  7857 | D:8      | Found a shadowy altar of Dithmenos.
  7857 | D:8      | Found an opulent altar of Gozag.
  7858 | D:8      | Found a stormy altar of Qazlal.
  7867 | D:8      | Identified a scarf of resistance
  8295 | D:9      | Reached XP level 11. HP: 60/68 MP: 9/16
  8493 | D:9      | Reached ** piety under Wu Jian
  8565 | D:9      | Reached skill level 14 in Fighting
  9559 | D:10     | Reached *** piety under Wu Jian
  9907 | D:11     | Noticed a purple ugly thing
  9921 | D:11     | Killed a purple ugly thing
  9922 | D:11     | Reached skill level 15 in Fighting
  9922 | D:11     | Reached skill level 1 in Evocations
  9939 | D:11     | Reached skill level 2 in Evocations
 10062 | D:11     | Reached skill level 1 in Armour
 10104 | D:11     | Reached skill level 2 in Armour
 10149 | D:11     | Noticed a cyclops
 10206 | D:10     | Reached skill level 3 in Armour
 10268 | D:11     | Noticed a sixfirhy
 10485 | D:11     | Killed a cyclops
 10486 | D:11     | Reached skill level 4 in Armour
 10486 | D:11     | Reached skill level 1 in Short Blades
 10539 | D:11     | Reached skill level 2 in Short Blades
 10539 | D:11     | Reached XP level 12. HP: 76/76 MP: 17/17
 10548 | D:11     | Reached skill level 3 in Short Blades
 10754 | Lair:1   | Entered Level 1 of the Lair of Beasts
 10937 | Lair:1   | Noticed Gastronok
 10959 | Lair:1   | Killed Gastronok
 10960 | Lair:1   | Reached skill level 4 in Short Blades
 10960 | Lair:1   | Reached skill level 2 in Transmutations
 10990 | Lair:1   | Reached skill level 5 in Short Blades
 11548 | Lair:1   | Reached skill level 6 in Short Blades
 11697 | Lair:1   | Reached **** piety under Wu Jian
 11760 | Lair:2   | Reached skill level 7 in Short Blades
 11818 | Lair:2   | Found a glowing golden altar of the Shining One.
 11863 | Lair:2   | Noticed a skyshark
 11877 | Lair:2   | Killed a skyshark
 11878 | Lair:2   | Reached skill level 8 in Short Blades
 12124 | Lair:2   | Reached skill level 9 in Short Blades
 12203 | Lair:2   | Reached XP level 13. HP: 78/80 MP: 18/18
 12249 | Lair:2   | Found a staircase to the Snake Pit.
 12345 | Lair:2   | Reached ***** piety under Wu Jian
 12389 | Lair:2   | Reached skill level 10 in Short Blades
 12442 | Lair:2   | Found a staircase to the Shoals.
 12722 | Lair:2   | HP: 5/80 [skyshark (7)]
 12725 | Lair:2   | Reached skill level 3 in Stealth
 12897 | Lair:3   | Reached skill level 4 in Stealth
 12971 | Lair:3   | Reached skill level 5 in Stealth
 13119 | Lair:3   | Reached skill level 6 in Stealth
 13143 | Lair:3   | Reached skill level 7 in Stealth
 13262 | Lair:3   | Reached skill level 8 in Stealth
 13308 | Lair:3   | Reached skill level 3 in Evocations
 13626 | Lair:3   | Reached skill level 4 in Evocations
 13659 | Lair:3   | Reached skill level 5 in Dodging
 13906 | Lair:4   | Found a viscous altar of Jiyva.
 13907 | Lair:4   | Found a staircase to the Slime Pits.
 13912 | Lair:4   | Identified the +8 shortbow "Baphum" {flame, Will+ Stlth+}
 14042 | Lair:4   | Found a large runed translucent door.
 14042 | Lair:4   | Found a large runed translucent door.
 14046 | Lair:4   | Noticed Zinwir's ghost (journeyman KoHu)
 14344 | Lair:4   | Paralysed by a hornet for 3 turns
 14349 | Lair:4   | HP: 4/80 [hornet (7)]
 14548 | Lair:4   | Reached skill level 6 in Dodging
 14574 | Lair:4   | Learned a level 5 spell: Yara's Violent Unravelling
 14715 | Lair:4   | Reached skill level 1 in Hexes
 14996 | Lair:5   | Entered Level 5 of the Lair of Beasts
 15110 | Lair:5   | Reached skill level 5 in Armour
 15119 | Lair:5   | Reached skill level 2 in Hexes
 15119 | Lair:5   | Reached skill level 3 in Transmutations
 15165 | Lair:5   | Reached XP level 14. HP: 62/86 MP: 19/19
 15314 | Lair:5   | HP: 4/86 [skyshark (9)]
 15314 | Lair:5   | Slain by a skyshark

Vanquished Creatures
  Gastronok (Lair:1)
  A hydra (Lair:5)
  7 death yaks
  A two-headed ogre (D:10)
  3 skysharks
  An ugly thing (D:11)
  A harpy (Lair:1)
  A lindwurm (Lair:5)
  A cyclops (D:11)
  2 black mambas
  18 elephants
  A salamander (Lair:2)
  3 gargoyles
  8 cane toads
  An unseen horror (D:8)
  Maggie (D:7)
  4 kobold demonologists (D:11)
  2 rime drakes
  7 komodo dragons
  A queen bee (D:9)
  2 trolls
  A polar bear (Lair:4)
  3 hornets
  4 blink frogs (Lair:2)
  A shadow (D:11)
  2 wraiths
  A vampire (D:7)
  19 yaks
  A fire elemental (Lair:3)
  3 basilisks
  3 wyverns
  2 vampire mosquitoes (D:10)
  2 steam dragons
  Edmund (D:6)
  An acid dragon (D:10)
  Duvessa (D:5)
  10 water moccasins
  3 black bears
  2 sky beasts
  6 orc warriors
  An ogre (D:5)
  20 wolves
  3 centaurs
  A phantom (D:6)
  2 kobold brigands
  Blork the orc (D:6)
  13 bullfrogs
  2 gnoll sergeants
  2 scorpions
  5 water moccasin zombies (Ossuary)
  Dowan (D:5)
  27 killer bees
  A howler monkey (D:10)
  7 electric eels
  3 lava snakes (Lair:2)
  7 hounds
  6 jellies
  5 orc priests
  4 gnoll boudas
  3 sleepcaps (D:6)
  Jessica (D:2)
  An iguana (D:6)
  7 orc wizards
  2 mummies (Ossuary)
  Robin (D:2)
  17 gnolls
  11 adders
  6 river rats (Sewer)
  A white imp (D:8)
  3 adder zombies (Ossuary)
  4 worms
  2 dart slugs
  24 orcs
  14 ball pythons
  6 bats
  7 endoplasms
  10 giant cockroaches
  11 goblins
  6 hobgoblins
  12 jackals
  12 quokkas
  5 frilled lizards
  A gnoll zombie (Ossuary)
  3 hobgoblin zombies (Ossuary)
  13 kobolds
  5 kobold zombies (Ossuary)
  3 orc zombies (Ossuary)
  6 rats
441 creatures vanquished.

Vanquished Creatures (others)
  An orc (D:7)
  2 kobolds (D:11)
  23 fungi
  38 plants
64 creatures vanquished.

Grand Total: 505 creatures vanquished

Table legend: (Time is in decaauts)
 A = Elapsed time spent in this place.
 B = Non-inter-level travel time spent in this place.
 C = Inter-level travel time spent in this place.
 D = Time resting spent in this place.
 E = Time spent auto-exploring this place.
 F = Levels seen in this place.
 G = Mean time per level.
                   A        B        C        D        E       F      G
               +--------+--------+--------+--------+--------+-----+--------+
         Total |  15341 |  14862 |    479 |   1229 |   9851 |  20 |  767.0 |
       Dungeon |   9441 |   9117 |    324 |    728 |   5904 |  12 |  786.8 |
        Temple |    158 |    137 |     21 |      0 |    126 |   1 |  158.0 |
          Lair |   4401 |   4267 |    134 |    219 |   3121 |   5 |  880.2 |
         Sewer |   1153 |   1153 |      0 |    282 |    620 |   1 | 1153.0 |
       Ossuary |    184 |    184 |      0 |      0 |     79 |   1 |  184.0 |
               +--------+--------+--------+--------+--------+-----+--------+

Top non-repeatable levels by time:
     D:1: 1298 daAuts
   Sewer: 1153 daAuts
  Lair:4: 1137 daAuts
     D:8: 1127 daAuts
  Lair:2: 1100 daAuts
     D:9: 975 daAuts
  Lair:1: 975 daAuts
  Lair:3: 929 daAuts
     D:7: 865 daAuts
     D:6: 834 daAuts
    D:10: 814 daAuts
    D:11: 803 daAuts
     D:2: 775 daAuts
     D:5: 695 daAuts
     D:4: 676 daAuts

Table legend:
 A = Non-vault XP
 B = Vault XP
 C = Vault XP percentage of total XP
 D = Non-vault monster count
 E = Vault monster count
 F = Vault count percentage of total count
                 A         B        C        D         E       F
            +---------+---------+-------+---------+---------+-------
      Total |   46915 |    8955 |  16.0 |     320 |     122 |  27.6
            +---------+---------+-------+---------+---------+-------
        D:1 |      33 |      21 |  38.9 |      21 |      11 |  34.4
        D:2 |      43 |      52 |  54.7 |      22 |       2 |   8.3
        D:3 |      89 |      13 |  12.7 |      20 |       1 |   4.8
        D:4 |     165 |     191 |  53.7 |      11 |       6 |  35.3
        D:5 |     413 |     399 |  49.1 |      21 |       6 |  22.2
        D:6 |     774 |     258 |  25.0 |      19 |       2 |   9.5
        D:7 |    1275 |     409 |  24.3 |      30 |       1 |   3.2
        D:8 |    2034 |    1118 |  35.5 |      16 |       8 |  33.3
        D:9 |    2525 |    1384 |  35.4 |      23 |      18 |  43.9
       D:10 |    2509 |       0 |   0.0 |      16 |       0 |   0.0
       D:11 |    5325 |       0 |   0.0 |      20 |       0 |   0.0
     Lair:1 |    3481 |    2369 |  40.5 |      11 |       3 |  21.4
     Lair:2 |    6590 |    2122 |  24.4 |      25 |      12 |  32.4
     Lair:3 |   11289 |       0 |   0.0 |      38 |       0 |   0.0
     Lair:4 |    6553 |       0 |   0.0 |      20 |       0 |   0.0
     Lair:5 |    3817 |       0 |   0.0 |       7 |       0 |   0.0
      Sewer |       0 |     166 | 100.0 |       0 |      30 | 100.0
    Ossuary |       0 |     453 | 100.0 |       0 |      22 | 100.0
            +---------+---------+-------+---------+---------+-------
